[Event "Live Chess"]
[Site "Chess.com"]
[Date "2010.12.04"]
[Round "-"]
[White "PaperTiger"]
[Black "hipposcottimus"]
[Result "1-0"]
[CurrentPosition "4R1k1/pp4pp/3N3q/7r/2pP4/5P2/PP4P1/5RK1 b - -"]
[Timezone "UTC"]
[ECO "C23"]
[ECOUrl "https://www.chess.com/openings/Bishops-Opening-2...Nc6"]
[UTCDate "2010.12.04"]
[UTCTime "00:59:54"]
[WhiteElo "1653"]
[BlackElo "1620"]
[TimeControl "60"]
[Termination "PaperTiger won by checkmate"]
[StartTime "00:59:54"]
[EndDate "2010.12.04"]
[EndTime "01:01:34"]
[Link "https://www.chess.com/game/live/73811145"]

1. e4 e5 2. Bc4 Nc6 3. c3 Nf6 4. d3 d5 5. exd5 Na5 6. Bb5+ Bd7 7. Bxd7+ Qxd7 8. Ne2 Bd6 9. Be3 c6 10. c4 cxd5 11. Qd2 dxc4 12. Qxa5 O-O 13. O-O e4 14. d4 Nd5 15. Qxd5 Bxh2+ 16. Kxh2 Qxd5 17. Nbc3 Qh5+ 18. Kg1 f5 19. Ng3 Qg4 20. Nd5 f4 21. Nxf4 Rxf4 22. Bxf4 Qxf4 23. Rae1 Rf8 24. Nxe4 Qh6 25. f3 Rf5 26. Nd6 Rh5 27. Re8# 1-0

[Event "Live Chess"]
[Site "Chess.com"]
[Date "2010.12.04"]
[Round "-"]
[White "9tony9"]
[Black "hipposcottimus"]
[Result "0-1"]
[CurrentPosition "1b4k1/pp6/2b5/3r2rp/6p1/6P1/P4P1P/R3R1K1 w - -"]
[Timezone "UTC"]
[ECO "C20"]
[ECOUrl "https://www.chess.com/openings/Kings-Pawn-Opening-Napoleon-Attack"]
[UTCDate "2010.12.04"]
[UTCTime "00:57:16"]
[WhiteElo "1461"]
[BlackElo "1628"]
[TimeControl "60"]
[Termination "hipposcottimus won on time"]
[StartTime "00:57:16"]
[EndDate "2010.12.04"]
[EndTime "00:59:32"]
[Link "https://www.chess.com/game/live/73810619"]

1. e4 e5 2. Qf3 Nc6 3. Bc4 Nf6 4. Bb3 Nd4 5. Qc3 d5 6. Bxd5 Nxd5 7. exd5 Qxd5 8. Ne2 c5 9. Nxd4 c4 10. Nf3 Bc5 11. Qxe5+ Be6 12. Qxd5 Bxd5 13. O-O O-O 14. Ng5 f6 15. Nh3 f5 16. Nf4 Bc6 17. Nc3 Rac8 18. b3 Bb6 19. Ne6 Rf6 20. Nf4 g5 21. Nh3 g4 22. Ng5 h6 23. Nf7 Rxf7 24. bxc4 h5 25. d4 Bc7 26. d5 Bd7 27. Nb5 Bb8 28. Ba3 Rxc4 29. Bd6 Bxb5 30. Ba3 Rxc2 31. Bc1 Rc5 32. Bg5 Rxd5 33. Bh4 f4 34. Bg3 Bc6 35. Bxf4 Rxf4 36. g3 Rff5 37. Rfe1 Rg5 0-1

[Event "Live Chess"]
[Site "Chess.com"]
[Date "2010.12.04"]
[Round "-"]
[White "hipposcottimus"]
[Black "CPALAW2014"]
[Result "1-0"]
[CurrentPosition "r4rk1/3b1ppQ/p1R1p2n/q2pP1N1/3P4/8/P4PPP/5RK1 b - -"]
[Timezone "UTC"]
[ECO "C00"]
[ECOUrl "https://www.chess.com/openings/French-Defense-Normal-Variation"]
[UTCDate "2010.12.04"]
[UTCTime "00:55:56"]
[WhiteElo "1623"]
[BlackElo "1518"]
[TimeControl "60"]
[Termination "hipposcottimus won by checkmate"]
[StartTime "00:55:56"]
[EndDate "2010.12.04"]
[EndTime "00:57:06"]
[Link "https://www.chess.com/game/live/73810327"]

1. e4 e6 2. d4 c6 3. c4 d5 4. cxd5 cxd5 5. e5 Nc6 6. Nc3 Qb6 7. Nf3 Bb4 8. Be3 Be7 9. Bb5 a6 10. Ba4 Qxb2 11. Bd2 Qa3 12. O-O Nh6 13. Bxc6+ bxc6 14. Bg5 Bxg5 15. Nxg5 Qxc3 16. Rc1 Qa5 17. Rxc6 O-O 18. Qd3 Bd7 19. Qxh7# 1-0

[Event "Live Chess"]
[Site "Chess.com"]
[Date "2010.12.04"]
[Round "-"]
[White "CPALAW2014"]
[Black "hipposcottimus"]
[Result "1-0"]
[CurrentPosition "r3k2r/p2q2pp/1p3pn1/1B1P4/Q3P1n1/1P4K1/P5PP/RNB4R b kq -"]
[Timezone "UTC"]
[ECO "A00"]
[ECOUrl "https://www.chess.com/openings/Vant-Kruijs-Opening-1...e5"]
[UTCDate "2010.12.04"]
[UTCTime "00:54:45"]
[WhiteElo "1524"]
[BlackElo "1617"]
[TimeControl "60"]
[Termination "CPALAW2014 won by resignation"]
[StartTime "00:54:45"]
[EndDate "2010.12.04"]
[EndTime "00:55:45"]
[Link "https://www.chess.com/game/live/73809999"]

1. e3 e5 2. Nf3 d5 3. Nxe5 f6 4. Nf3 c5 5. Be2 Nc6 6. c4 Bg4 7. cxd5 Bxf3 8. Bxf3 Ne5 9. e4 Ne7 10. Be2 N7g6 11. d4 cxd4 12. Qxd4 b6 13. b3 Bc5 14. Qa4+ Qd7 15. Bb5 Bxf2+ 16. Kxf2 Ng4+ 17. Kg3 1-0

[Event "Live Chess"]
[Site "Chess.com"]
[Date "2010.12.04"]
[Round "-"]
[White "hipposcottimus"]
[Black "PaperTiger"]
[Result "1-0"]
[CurrentPosition "4r1k1/p5p1/1pp3p1/3pP1Np/3PnP1q/2P1Q3/PP4PP/R4RK1 b - -"]
[Timezone "UTC"]
[ECO "C41"]
[ECOUrl "https://www.chess.com/openings/Philidor-Defense-3.d4"]
[UTCDate "2010.12.04"]
[UTCTime "00:51:53"]
[WhiteElo "1627"]
[BlackElo "1640"]
[TimeControl "60"]
[Termination "hipposcottimus won on time"]
[StartTime "00:51:53"]
[EndDate "2010.12.04"]
[EndTime "00:53:50"]
[Link "https://www.chess.com/game/live/73809449"]

1. e4 e5 2. Nf3 d6 3. d4 c6 4. Bd3 Bg4 5. c3 Nf6 6. Qe2 Be7 7. Qe3 Nbd7 8. O-O O-O 9. Bd2 h6 10. Ne1 Nh7 11. f3 Bh5 12. Be2 Bg5 13. Qd3 Bf4 14. Bxf4 exf4 15. e5 d5 16. Qf5 Bg6 17. Qxf4 Qc7 18. Nd2 Ndf6 19. Nb3 Nh5 20. Qd2 Ng5 21. Bd3 Qe7 22. Bxg6 fxg6 23. Nd3 Nf4 24. Nxf4 Rxf4 25. Qxf4 Rf8 26. Qg3 h5 27. f4 Ne4 28. Qe3 Qh4 29. Nc5 b6 30. Ne6 Re8 31. Ng5 1-0

[Event "Live Chess"]
[Site "Chess.com"]
[Date "2010.12.04"]
[Round "-"]
[White "bimbamdtf"]
[Black "hipposcottimus"]
[Result "0-1"]
[CurrentPosition "3r3k/1R4pp/8/4pK2/5q2/1P3P1P/6P1/8 w - -"]
[Timezone "UTC"]
[ECO "C21"]
[ECOUrl "https://www.chess.com/openings/Danish-Gambit"]
[UTCDate "2010.12.04"]
[UTCTime "00:48:45"]
[WhiteElo "1542"]
[BlackElo "1618"]
[TimeControl "60"]
[Termination "hipposcottimus won on time"]
[StartTime "00:48:45"]
[EndDate "2010.12.04"]
[EndTime "00:51:04"]
[Link "https://www.chess.com/game/live/73808789"]

1. e4 e5 2. d4 exd4 3. c3 d6 4. Nf3 Bg4 5. Be2 Bxf3 6. Bxf3 dxc3 7. Nxc3 Be7 8. O-O Nf6 9. Re1 Nfd7 10. Bf4 c5 11. e5 O-O 12. exd6 Bf6 13. Qc2 Bg5 14. Bxg5 Qxg5 15. Nd5 Na6 16. Ne7+ Kh8 17. Bxb7 Nb4 18. Qb3 Rab8 19. Bf3 Qg6 20. h3 Qxd6 21. Nf5 Qf6 22. Nh4 Ne5 23. Rad1 Nxf3+ 24. Nxf3 Na6 25. Rd7 Rxb3 26. Ree7 Qg6 27. axb3 Nb8 28. Rxa7 f6 29. Rab7 Nc6 30. Rec7 Ne5 31. Rxc5 Nxf3+ 32. Kf1 Ne5 33. f3 Re8 34. Rxe5 Qb1+ 35. Kf2 fxe5 36. Kg3 Rd8 37. Kh4 Qxb2 38. Kg4 Qd4+ 39. Kf5 Qf4+ 0-1

[Event "Live Chess"]
[Site "Chess.com"]
[Date "2010.12.04"]
[Round "-"]
[White "hipposcottimus"]
[Black "bimbamdtf"]
[Result "0-1"]
[CurrentPosition "6k1/pp2p2p/2p1N1pb/2PnP3/1P4P1/5R2/r7/4RK1r w - -"]
[Timezone "UTC"]
[ECO "B06"]
[ECOUrl "https://www.chess.com/openings/Modern-Defense-Norwegian-Defense"]
[UTCDate "2010.12.04"]
[UTCTime "00:46:18"]
[WhiteElo "1611"]
[BlackElo "1549"]
[TimeControl "60"]
[Termination "bimbamdtf won by checkmate"]
[StartTime "00:46:18"]
[EndDate "2010.12.04"]
[EndTime "00:48:10"]
[Link "https://www.chess.com/game/live/73808249"]

1. d4 Nf6 2. e4 g6 3. e5 Nd5 4. Nf3 c6 5. c4 Nc7 6. Nc3 d6 7. Bf4 dxe5 8. dxe5 Qxd1+ 9. Rxd1 Bg7 10. Be2 O-O 11. O-O Bf5 12. Bd3 Bxd3 13. Rxd3 Nba6 14. Re3 Nc5 15. b4 N5e6 16. Ne4 Nxf4 17. g3 Nfe6 18. c5 Rad8 19. Nfg5 Rd2 20. Nxe6 fxe6 21. Rfe1 Rxa2 22. Rd3 Nd5 23. Ng5 Rfxf2 24. Rf3 Rg2+ 25. Kf1 Rxh2 26. Nxe6 Bh6 27. g4 Rh1# 0-1

[Event "Live Chess"]
[Site "Chess.com"]
[Date "2010.12.04"]
[Round "-"]
[White "praveen_80"]
[Black "hipposcottimus"]
[Result "1-0"]
[CurrentPosition "8/p6p/3N4/1pp3p1/1PP3Pk/3p2QP/P5K1/8 b - -"]
[Timezone "UTC"]
[ECO "C20"]
[ECOUrl "https://www.chess.com/openings/Kings-Pawn-Opening-MacLeod-Attack"]
[UTCDate "2010.12.04"]
[UTCTime "00:43:48"]
[WhiteElo "1604"]
[BlackElo "1620"]
[TimeControl "60"]
[Termination "praveen_80 won by checkmate"]
[StartTime "00:43:48"]
[EndDate "2010.12.04"]
[EndTime "00:45:53"]
[Link "https://www.chess.com/game/live/73807685"]

1. e4 e5 2. c3 Nc6 3. Qc2 Nf6 4. g3 Bc5 5. Bg2 Bb6 6. b4 Ne7 7. Bb2 d5 8. exd5 e4 9. Nh3 Qxd5 10. Nf4 Qc6 11. Na3 O-O 12. Qc1 Bf5 13. d3 Bxf2+ 14. Kxf2 Ng4+ 15. Kg1 exd3 16. Bxc6 Nxc6 17. Nd5 Nce5 18. Qf4 Rae8 19. Qxf5 Ne3 20. Qg5 Nxd5 21. Rf1 Nf6 22. c4 Neg4 23. Bxf6 Nxf6 24. Rxf6 Re6 25. Rxe6 fxe6 26. Kg2 Kh8 27. Rf1 Kg8 28. Rxf8+ Kxf8 29. Qf4+ Ke7 30. Nb5 c5 31. Qc7+ Kf6 32. Nd6 Kg6 33. Qf7+ Kg5 34. Qxe6 Kh5 35. g4+ Kh4 36. h3 g5 37. Qe3 b5 38. Qg3# 1-0

[Event "Live Chess"]
[Site "Chess.com"]
[Date "2010.12.03"]
[Round "-"]
[White "hipposcottimus"]
[Black "guinness85"]
[Result "0-1"]
[CurrentPosition "rn1k1b1r/ppNb1ppp/5q2/1B6/3P4/8/PPP2PpP/R2QK2R w KQ -"]
[Timezone "UTC"]
[ECO "C42"]
[ECOUrl "https://www.chess.com/openings/Petrovs-Defense-Urusov-Gambit"]
[UTCDate "2010.12.03"]
[UTCTime "20:02:45"]
[WhiteElo "1629"]
[BlackElo "1778"]
[TimeControl "60"]
[Termination "guinness85 won on time"]
[StartTime "20:02:45"]
[EndDate "2010.12.03"]
[EndTime "20:03:18"]
[Link "https://www.chess.com/game/live/73736767"]

1. e4 e5 2. Nf3 Nf6 3. Bc4 c6 4. Nc3 d5 5. exd5 cxd5 6. Bb5+ Bd7 7. d4 e4 8. Bg5 exf3 9. Bxf6 Qxf6 10. Nxd5 fxg2 11. Nc7+ Kd8 0-1

[Event "Live Chess"]
[Site "Chess.com"]
[Date "2010.12.03"]
[Round "-"]
[White "hipposcottimus"]
[Black "sep76golf"]
[Result "0-1"]
[CurrentPosition "5rk1/5ppp/4p3/1p2P3/4B3/P6Q/2q3PP/3r2K1 w - -"]
[Timezone "UTC"]
[ECO "B20"]
[ECOUrl "https://www.chess.com/openings/Sicilian-Defense"]
[UTCDate "2010.12.03"]
[UTCTime "19:57:48"]
[WhiteElo "1629"]
[BlackElo "1674"]
[TimeControl "60"]
[Termination "sep76golf won by checkmate"]
[StartTime "19:57:48"]
[EndDate "2010.12.03"]
[EndTime "19:59:54"]
[Link "https://www.chess.com/game/live/73735690"]

1. e4 c5 2. Bb5 a6 3. Be2 Nc6 4. Nf3 Nf6 5. c4 Nxe4 6. d3 Nf6 7. Nc3 e6 8. O-O Be7 9. Bg5 O-O 10. Bf4 d5 11. Ne5 Nxe5 12. Bxe5 d4 13. Ne4 Nxe4 14. dxe4 Bd6 15. f4 Bxe5 16. fxe5 Qg5 17. Qd3 Qxe5 18. Bg4 Bd7 19. Qh3 Bc6 20. Rae1 Rad8 21. Bf3 d3 22. Rf2 b5 23. cxb5 axb5 24. Rd1 c4 25. a3 c3 26. bxc3 Qxc3 27. e5 d2 28. Bxc6 Qc2 29. Rfxd2 Rxd2 30. Be4 Rxd1# 0-1

[Event "Live Chess"]
[Site "Chess.com"]
[Date "2010.12.03"]
[Round "-"]
[White "sep76golf"]
[Black "hipposcottimus"]
[Result "0-1"]
[CurrentPosition "4r1k1/pp4pp/8/P7/3Bb3/4Q1P1/6qP/2RR2K1 w - -"]
[Timezone "UTC"]
[ECO "D10"]
[ECOUrl "https://www.chess.com/openings/Slav-Defense-3.Nc3"]
[UTCDate "2010.12.03"]
[UTCTime "19:55:25"]
[WhiteElo "1667"]
[BlackElo "1636"]
[TimeControl "60"]
[Termination "hipposcottimus won by checkmate"]
[StartTime "19:55:25"]
[EndDate "2010.12.03"]
[EndTime "19:57:06"]
[Link "https://www.chess.com/game/live/73735140"]

1. d4 d5 2. c4 c6 3. Nc3 Nd7 4. Nf3 e6 5. e3 Ngf6 6. cxd5 Bb4 7. Bd3 Bxc3+ 8. bxc3 cxd5 9. O-O O-O 10. a4 Re8 11. Ba3 e5 12. Nxe5 Nxe5 13. dxe5 Rxe5 14. Qc2 Qc7 15. c4 Bd7 16. Bb2 Bc6 17. Bxe5 dxc4 18. Bxf6 cxd3 19. Qxd3 Qb6 20. Bd4 Qc7 21. a5 Qd6 22. Rfd1 Qh6 23. g3 Qh3 24. e4 f5 25. f3 fxe4 26. fxe4 Re8 27. Rac1 Bxe4 28. Qe3 Qg2# 0-1

[Event "Live Chess"]
[Site "Chess.com"]
[Date "2010.12.03"]
[Round "-"]
[White "hipposcottimus"]
[Black "TALKinTRASH"]
[Result "1-0"]
[CurrentPosition "6k1/1q4pp/8/7P/q4PPK/8/8/8 b - -"]
[Timezone "UTC"]
[ECO "C41"]
[ECOUrl "https://www.chess.com/openings/Philidor-Defense-3.Bc4-Be7-4.d4"]
[UTCDate "2010.12.03"]
[UTCTime "19:51:51"]
[WhiteElo "1627"]
[BlackElo "1670"]
[TimeControl "60"]
[Termination "hipposcottimus won on time"]
[StartTime "19:51:51"]
[EndDate "2010.12.03"]
[EndTime "19:54:05"]
[Link "https://www.chess.com/game/live/73734201"]

1. e4 e5 2. Nf3 d6 3. Bc4 Be7 4. d4 Nf6 5. dxe5 dxe5 6. Nc3 Qxd1+ 7. Nxd1 O-O 8. O-O c6 9. Re1 b5 10. Bb3 a5 11. c4 a4 12. Bc2 Ba6 13. cxb5 Bxb5 14. Nc3 Na6 15. Nxb5 cxb5 16. Bd3 Nc7 17. Be3 Rad8 18. Bb6 Rxd3 19. Bxc7 Bb4 20. Re2 Rc8 21. Bxe5 Nd7 22. Bg3 f6 23. e5 fxe5 24. Bxe5 Nxe5 25. Nxe5 Re8 26. Nxd3 Rxe2 27. Nxb4 Rxb2 28. Nd5 Rd2 29. Nc7 Rb2 30. a3 b4 31. f3 b3 32. h3 Rc2 33. Na6 b2 34. Rb1 Rc1+ 35. Kf2 Rxb1 36. Nc5 Rf1+ 37. Kxf1 b1=Q+ 38. Kf2 Qb6 39. Kg3 Qxc5 40. h4 Qxa3 41. Kh3 Qb3 42. Kg4 a3 43. g3 a2 44. h5 a1=Q 45. f4 Qaa4 46. Kh4 Qb7 47. g4 1-0

[Event "Live Chess"]
[Site "Chess.com"]
[Date "2010.12.03"]
[Round "-"]
[White "knigthshadow57"]
[Black "hipposcottimus"]
[Result "1-0"]
[CurrentPosition "R6k/6pp/P3r3/8/2b5/1p4P1/1P2PP1P/3BK3 b - -"]
[Timezone "UTC"]
[ECO "A00"]
[ECOUrl "https://www.chess.com/openings/Mieses-Opening-1...d5-2.g3"]
[UTCDate "2010.12.03"]
[UTCTime "19:47:03"]
[WhiteElo "1706"]
[BlackElo "1618"]
[TimeControl "60+2"]
[Termination "knigthshadow57 won by resignation"]
[StartTime "19:47:03"]
[EndDate "2010.12.03"]
[EndTime "19:51:19"]
[Link "https://www.chess.com/game/live/73732957"]

1. d3 d5 2. g3 e5 3. Bg2 Nd7 4. Bxd5 Nb6 5. Bg2 f5 6. Nf3 Bd6 7. O-O Nf6 8. c4 e4 9. Nd4 O-O 10. Nb5 a6 11. Nxd6 cxd6 12. Bg5 d5 13. cxd5 Nbxd5 14. Qb3 Be6 15. Nc3 Qd6 16. Bxf6 Nxf6 17. Qc2 Rad8 18. Rad1 Qc6 19. dxe4 fxe4 20. Qa4 Qe8 21. Qxe8 Rdxe8 22. Nxe4 Bf5 23. Nxf6+ Rxf6 24. Bd5+ Kh8 25. Bb3 Ref8 26. Rd2 b6 27. Rfd1 b5 28. Rd8 a5 29. Rxf8+ Rxf8 30. Rd5 a4 31. Bd1 b4 32. a3 b3 33. Kf1 Be4 34. Rd4 Bf5 35. Ke1 Bg4 36. Rxa4 Re8 37. Ra7 Be6 38. a4 Bd5 39. a5 Bc4 40. a6 Re6 41. Ra8+ 1-0

[Event "Live Chess"]
[Site "Chess.com"]
[Date "2010.12.03"]
[Round "-"]
[White "hipposcottimus"]
[Black "tongging"]
[Result "0-1"]
[CurrentPosition "r4rk1/p1p2p1p/1p4p1/3P4/2PbP3/3Bq3/PP4PP/R2RK3 w - -"]
[Timezone "UTC"]
[ECO "B00"]
[ECOUrl "https://www.chess.com/openings/Owens-Defense-2.d4-Bb7"]
[UTCDate "2010.12.03"]
[UTCTime "04:34:16"]
[WhiteElo "1618"]
[BlackElo "1492"]
[TimeControl "60"]
[Termination "tongging won on time"]
[StartTime "04:34:16"]
[EndDate "2010.12.03"]
[EndTime "04:35:46"]
[Link "https://www.chess.com/game/live/73531162"]

1. e4 b6 2. d4 Bb7 3. d5 e5 4. c4 d6 5. Be3 Nf6 6. Nc3 g6 7. f4 Bg7 8. fxe5 dxe5 9. Nf3 Nbd7 10. Bf2 O-O 11. Bg3 Bc8 12. Nxe5 Nxe5 13. Bxe5 Qe7 14. Bxf6 Bxf6 15. Bd3 Bxc3+ 16. Ke2 Bg4+ 17. Ke3 Bxd1 18. Rhxd1 Be5 19. Kf3 Qg5 20. Kf2 Bd4+ 21. Kf1 Qf4+ 22. Ke1 Qe3+ 0-1

[Event "Live Chess"]
[Site "Chess.com"]
[Date "2010.12.03"]
[Round "-"]
[White "tongging"]
[Black "hipposcottimus"]
[Result "1-0"]
[CurrentPosition "8/p3R2p/2kR4/1p6/3p4/BP6/P1PP3P/2K5 b - -"]
[Timezone "UTC"]
[ECO "A01"]
[ECOUrl "https://www.chess.com/openings/Nimzowitsch-Larsen-Attack-Classical-Variation-2.Bb2"]
[UTCDate "2010.12.03"]
[UTCTime "04:31:39"]
[WhiteElo "1480"]
[BlackElo "1628"]
[TimeControl "60"]
[Termination "tongging won by checkmate"]
[StartTime "04:31:39"]
[EndDate "2010.12.03"]
[EndTime "04:33:45"]
[Link "https://www.chess.com/game/live/73530697"]

1. b3 d5 2. Bb2 d4 3. Nf3 c5 4. Na3 Nc6 5. Nc4 b5 6. Nce5 Bb7 7. Nxc6 Bxc6 8. e3 f6 9. exd4 Bxf3 10. Qxf3 cxd4 11. O-O-O e5 12. Qc6+ Qd7 13. Qxa8+ Ke7 14. Ba3+ Kf7 15. Qxf8+ Kg6 16. Bd3+ f5 17. Qxf5+ Qxf5 18. Bxf5+ Kxf5 19. g4+ Ke6 20. f4 Nf6 21. fxe5 Kxe5 22. Rde1+ Kf4 23. Rhf1+ Kxg4 24. Rg1+ Kf5 25. Rxg7 Nh5 26. Rf1+ Ke6 27. Re7+ Kd5 28. Rf5+ Kc6 29. Rxh5 Rd8 30. Rh6+ Rd6 31. Rxd6# 1-0

[Event "Live Chess"]
[Site "Chess.com"]
[Date "2010.12.03"]
[Round "-"]
[White "hipposcottimus"]
[Black "tongging"]
[Result "1-0"]
[CurrentPosition "2k3r1/ppp4p/3p1R1p/8/5P2/6P1/PPP2RKP/4r3 b - -"]
[Timezone "UTC"]
[ECO "C41"]
[ECOUrl "https://www.chess.com/openings/Philidor-Defense-3.d4-Bg4-4.dxe5"]
[UTCDate "2010.12.03"]
[UTCTime "04:29:01"]
[WhiteElo "1639"]
[BlackElo "1467"]
[TimeControl "60"]
[Termination "hipposcottimus won on time"]
[StartTime "04:29:01"]
[EndDate "2010.12.03"]
[EndTime "04:31:12"]
[Link "https://www.chess.com/game/live/73530190"]

1. e4 e5 2. Nf3 d6 3. d4 Bg4 4. dxe5 Nc6 5. Nc3 Nxe5 6. Be2 Qf6 7. Nxe5 Bxe2 8. Ng4 Bxg4 9. Qxg4 Nh6 10. Qe2 O-O-O 11. Nd5 Qe5 12. Bxh6 gxh6 13. O-O Rg8 14. f3 f5 15. Rae1 Qg7 16. Rf2 fxe4 17. Qxe4 Be7 18. Nf4 Bg5 19. Nh5 Qg6 20. f4 Qxe4 21. Rxe4 Bh4 22. g3 Be7 23. Re6 Rde8 24. Nf6 Bxf6 25. Rxf6 Re1+ 26. Rf1 Re2 27. Rf2 Re1+ 28. Kg2 1-0

[Event "Live Chess"]
[Site "Chess.com"]
[Date "2010.12.03"]
[Round "-"]
[White "akb23"]
[Black "hipposcottimus"]
[Result "1-0"]
[CurrentPosition "8/4k1pp/8/n4p2/8/1P2qP1P/P2pR2P/5K2 b - -"]
[Timezone "UTC"]
[ECO "A00"]
[ECOUrl "https://www.chess.com/openings/Saragossa-Opening"]
[UTCDate "2010.12.03"]
[UTCTime "04:25:21"]
[WhiteElo "1579"]
[BlackElo "1635"]
[TimeControl "60"]
[Termination "akb23 won on time"]
[StartTime "04:25:21"]
[EndDate "2010.12.03"]
[EndTime "04:27:23"]
[Link "https://www.chess.com/game/live/73529501"]

1. c3 c5 2. Nh3 d5 3. Qa4+ Nc6 4. Qb3 Bxh3 5. gxh3 f5 6. Qxb7 Na5 7. Qa6 Nf6 8. Qb5+ Nd7 9. Bg2 e6 10. c4 Rb8 11. Qa6 Rb6 12. Qxa7 Bd6 13. cxd5 O-O 14. dxe6 Rb7 15. Qa6 Ne5 16. Qd3 c4 17. Bxb7 cxd3 18. e3 Qb8 19. Bg2 Qb4 20. Nc3 Nec4 21. b3 Na3 22. Bxa3 Qxa3 23. Rd1 Qb2 24. Rf1 Qc2 25. Bd5 Bb4 26. e7+ Rf7 27. Bxf7+ Kxf7 28. f3 Kxe7 29. Kf2 Bxc3 30. Kg1 Bxd2 31. Rxd2 Qxd2 32. Rf2 Qxe3 33. Kf1 d2 34. Re2 1-0

[Event "Live Chess"]
[Site "Chess.com"]
[Date "2010.12.03"]
[Round "-"]
[White "hipposcottimus"]
[Black "akb23"]
[Result "1-0"]
[CurrentPosition "4rk1r/p1Rn1Qpp/1p3n2/3B1p2/3P4/8/P5PP/R5K1 b - -"]
[Timezone "UTC"]
[ECO "A06"]
[ECOUrl "https://www.chess.com/openings/Reti-Opening-Tennison-Gambit"]
[UTCDate "2010.12.03"]
[UTCTime "04:23:24"]
[WhiteElo "1644"]
[BlackElo "1568"]
[TimeControl "60"]
[Termination "hipposcottimus won by checkmate"]
[StartTime "04:23:24"]
[EndDate "2010.12.03"]
[EndTime "04:25:03"]
[Link "https://www.chess.com/game/live/73529112"]

1. e4 d5 2. Nf3 dxe4 3. Ng5 f5 4. f3 exf3 5. Nxf3 e6 6. d3 b6 7. Nc3 Bb7 8. Bg5 Be7 9. Bxe7 Qxe7 10. Be2 Qb4 11. O-O Qxb2 12. Na4 Qa3 13. c4 Qd6 14. Nc3 Nd7 15. d4 Bxf3 16. Bxf3 Rd8 17. Nb5 Qb4 18. Nxc7+ Ke7 19. Re1 Qxc4 20. Rxe6+ Kf7 21. Bd5 Qxc7 22. Rc6+ Ke7 23. Rxc7 Nf6 24. Qe2+ Kf8 25. Qe6 Re8 26. Qf7# 1-0

[Event "Live Chess"]
[Site "Chess.com"]
[Date "2010.12.03"]
[Round "-"]
[White "ez_one"]
[Black "hipposcottimus"]
[Result "1-0"]
[CurrentPosition "rnb1k2r/pp4pp/4p3/1B1p1p2/1b1PnP2/2B1PN2/PPQ3PP/RN3RK1 b kq -"]
[Timezone "UTC"]
[ECO "D00"]
[ECOUrl "https://www.chess.com/openings/Queens-Pawn-Opening-1...d5-2.c3"]
[UTCDate "2010.12.03"]
[UTCTime "04:22:42"]
[WhiteElo "1910"]
[BlackElo "1637"]
[TimeControl "60"]
[Termination "ez_one won by resignation"]
[StartTime "04:22:42"]
[EndDate "2010.12.03"]
[EndTime "04:23:13"]
[Link "https://www.chess.com/game/live/73528996"]

1. d4 d5 2. c3 c5 3. f4 cxd4 4. cxd4 Qa5+ 5. Bd2 Qb6 6. Bc3 f5 7. e3 Nf6 8. Nf3 Ne4 9. Qc2 e6 10. Bd3 Bb4 11. O-O Qb5 12. Bxb5+ 1-0

[Event "Live Chess"]
[Site "Chess.com"]
[Date "2010.12.03"]
[Round "-"]
[White "hipposcottimus"]
[Black "ez_one"]
[Result "0-1"]
[CurrentPosition "5r1k/p3B2p/2p3p1/3B4/4R3/1P6/P1Q3PP/b4qK1 w - -"]
[Timezone "UTC"]
[ECO "B00"]
[ECOUrl "https://www.chess.com/openings/Kings-Pawn-Opening-Barnes-Defense-2.d4"]
[UTCDate "2010.12.03"]
[UTCTime "04:20:36"]
[WhiteElo "1637"]
[BlackElo "1910"]
[TimeControl "60"]
[Termination "ez_one won by checkmate"]
[StartTime "04:20:36"]
[EndDate "2010.12.03"]
[EndTime "04:22:33"]
[Link "https://www.chess.com/game/live/73528585"]

1. e4 f6 2. d4 e5 3. dxe5 fxe5 4. f4 exf4 5. Bxf4 d6 6. Nf3 Be6 7. c4 Nc6 8. Nc3 Qd7 9. Nd5 Bxd5 10. cxd5 Nce7 11. Bb5 c6 12. dxc6 bxc6 13. Bd3 Ng6 14. Bg5 Nf6 15. e5 Nxe5 16. Nxe5 dxe5 17. O-O g6 18. Re1 Qe6 19. Qc2 Bg7 20. Qd2 O-O 21. b3 Rad8 22. Qc2 e4 23. Bc4 Nd5 24. Rxe4 Qf5 25. Bxd8 Kh8 26. Bxd5 Bxa1 27. Be7 Qf1# 0-1

[Event "Live Chess"]
[Site "Chess.com"]
[Date "2010.12.03"]
[Round "-"]
[White "ez_one"]
[Black "hipposcottimus"]
[Result "0-1"]
[CurrentPosition "r5k1/ppp3pp/2n5/4p3/1PP5/1P1p2Pn/4q2P/R1B1KR2 w - -"]
[Timezone "UTC"]
[ECO "C21"]
[ECOUrl "https://www.chess.com/openings/Center-Game"]
[UTCDate "2010.12.03"]
[UTCTime "04:18:44"]
[WhiteElo "1910"]
[BlackElo "1637"]
[TimeControl "60"]
[Termination "hipposcottimus won by checkmate"]
[StartTime "04:18:44"]
[EndDate "2010.12.03"]
[EndTime "04:20:15"]
[Link "https://www.chess.com/game/live/73528222"]

1. d4 e5 2. e4 d5 3. dxe5 d4 4. c4 Be6 5. b3 f6 6. Bb2 fxe5 7. Nf3 Nc6 8. Nbd2 Bg4 9. Be2 Bxf3 10. Nxf3 Nf6 11. Bd3 Bb4+ 12. Kf1 O-O 13. g3 Qd7 14. Kg2 Nh5 15. a3 Qg4 16. axb4 Nf4+ 17. Kg1 Nh3+ 18. Kf1 Rxf3 19. Be2 Rxf2+ 20. Ke1 Qxe4 21. Bc1 d3 22. Rf1 Rxe2+ 23. Qxe2 Qxe2# 0-1

[Event "Live Chess"]
[Site "Chess.com"]
[Date "2010.12.03"]
[Round "-"]
[White "hipposcottimus"]
[Black "ez_one"]
[Result "0-1"]
[CurrentPosition "5r2/6p1/3p1p1k/3NpP1P/p7/Pp4N1/3r3P/5RK1 w - -"]
[Timezone "UTC"]
[ECO "B50"]
[ECOUrl "https://www.chess.com/openings/Sicilian-Defense-2.Nf3-d6"]
[UTCDate "2010.12.03"]
[UTCTime "04:16:26"]
[WhiteElo "1637"]
[BlackElo "1910"]
[TimeControl "60"]
[Termination "ez_one won on time"]
[StartTime "04:16:26"]
[EndDate "2010.12.03"]
[EndTime "04:18:31"]
[Link "https://www.chess.com/game/live/73527776"]

1. e4 d6 2. Nf3 c5 3. d4 cxd4 4. Bb5+ Bd7 5. Nxd4 Bxb5 6. Nxb5 Nf6 7. N5c3 e5 8. Bg5 Be7 9. O-O O-O 10. f4 h6 11. Bh4 Kh7 12. f5 Rg8 13. Qf3 Nc6 14. Nd2 Nd4 15. Qg3 Nxc2 16. Rac1 Nd4 17. Nb3 Ne2+ 18. Nxe2 Nxe4 19. Bxe7 Nxg3 20. Bxd8 Nxf1 21. Kxf1 Raxd8 22. Nc3 f6 23. Nd5 Rgf8 24. Re1 h5 25. Kg1 Kh6 26. Rf1 b5 27. Nd2 a5 28. Ne4 b4 29. Ng3 a4 30. Ne2 b3 31. a3 Rc8 32. g4 Rc2 33. Ng3 Rxb2 34. gxh5 Rd2 0-1